 Dungeon Crawl Stone Soup version 0.21-a0-578-gc6e9d75 (webtiles) character file.

86 Gaball the Insei (level 4, -6/34 HPs)
             Began as a Gnoll Transmuter on Dec 18, 2017.
             Was an Initiate of Wu Jian.
             Killed from afar by Sigmund (8 damage)
             ... with a magic dart
             ... on level 2 of the Dungeon.
             The game lasted 00:02:47 (1310 turns).

Gaball the Insei (Gnoll Transmuter)                 Turns: 1310, Time: 00:02:47

Health: -6/34      AC:  3    Str: 14    XL:     4   Next: 50%
Magic:  11/11      EV: 15    Int: 15    God:    Wu Jian [......]
Gold:   72         SH:  0    Dex: 15    Spells: 12/13 levels left

rFire    . . .     SeeInvis .     - Unarmed
rCold    . . .     Gourm    .   (no shield)
rNeg     . . .     Faith    .   f - +0 robe (curse)
rPois    .         Spirit   .   o - +0 helmet
rElec    .         Reflect  .   (no cloak)
rCorr    .         Harm     .   (no gloves)
MR       .....                  (boots currently unavailable)
Stlth    ++........             (no amulet)
HPRegen  0.11/turn              (no ring)
MPRegen  0.12/turn              (no ring)

@: appendage
A: distributed training, fangs 1, talons 3, strong nose
a: End Transformation, Renounce Religion


You were on level 2 of the Dungeon.
You worshipped Wu Jian.
Wu Jian was noncommittal.
You were not hungry.
You had grown temporary talons.
You visited 1 branch of the dungeon, and saw 2 of its levels.

You collected 72 gold pieces.

Inventory:

Missiles
 a - 12 arrows
Armour
 b - a +0 robe
 f - a cursed +0 robe (worn)
 o - a +0 helmet (worn)
Scrolls
 e - 3 scrolls of remove curse {unknown}
 g - 2 scrolls of teleportation {unknown}
 i - a scroll of magic mapping {unknown}
 j - a scroll of amnesia {unknown}
 k - a scroll of blinking {unknown}
 m - a scroll of immolation {unknown}
 q - a scroll of enchant weapon {unknown}
Potions
 h - 2 potions of ambrosia {unknown}
 l - a potion of magic {unknown}
 n - 3 potions of curing {unknown}
Books
 c - a book of Changes

   Spells                             Type                      Level
   a - Beastly Appendage              Transmutation                1
   b - Sticks to Snakes               Transmutation                2
   c - Spider Form                    Transmutation/Poison         3
   d - Ice Form                       Ice/Transmutation            4
   e - Blade Hands                    Transmutation                5
Comestibles
 d - 2 rations


   Skills:
 + Level 2.7 Fighting
 + Level 1.1 Short Blades
 + Level 1.1 Long Blades
 + Level 1.1 Axes
 + Level 1.1 Maces & Flails
 + Level 1.1 Polearms
 + Level 1.1 Staves
 + Level 1.1 Slings
 + Level 1.1 Bows
 + Level 1.1 Crossbows
 + Level 1.1 Throwing
 + Level 1.1 Armour
 + Level 4.6 Dodging
 + Level 1.1 Stealth
 + Level 1.1 Shields
 + Level 6.6 Unarmed Combat
 + Level 5.1 Spellcasting
 + Level 0.9 Conjurations
 + Level 0.9 Hexes
 + Level 0.9 Charms
 + Level 0.9 Summonings
 + Level 0.9 Necromancy
 + Level 0.9 Translocations
 + Level 3.8 Transmutations
 + Level 0.9 Fire Magic
 + Level 0.9 Ice Magic
 + Level 0.9 Air Magic
 + Level 0.9 Earth Magic
 + Level 0.9 Poison Magic
 + Level 1.2 Invocations
 + Level 1.1 Evocations


You had 12 spell levels left.
You knew the following spells:

 Your Spells              Type           Power        Failure   Level  Hunger
a - Beastly Appendage     Tmut           ###...       3%          1    None


Dungeon Overview and Level Annotations

Branches:
Dungeon (2/15)

Altars:
Qazlal
Wu Jian

Annotations:
D:2 Sigmund


Innate Abilities, Weirdness & Mutations

Your experience applies equally to all skills.
You have very sharp teeth.
Your uncanny sense of smell can sniff out nearby items.
You have claws for feet.


Message History

Deactivating autopickup; reactivate with Ctrl-A.
The gnoll closely misses you.
You punch the gnoll!
You kill the gnoll!
The Council accepts your kill. Something hits you!
You barely miss something. Something hits you!
You miss something. You barely miss something. Your punch misses something.
Something barely misses you.
You barely miss something. You claw something. You bite something.
You hear some strange, mumbled words.
A magic dart appears from out of thin air!
The magic dart hits you!
* * * LOW HITPOINT WARNING * * *
You hit something.
You hear some strange, mumbled words.
A magic dart appears from out of thin air!
The magic dart hits you!
You die...

#.# #.# #.#.# #.#
#.#######.#.# #.#
#.........#.# #.#
#...(........ #.#
#.######.#..# #.#
#.# #.#..# #.#
#.######.#..#
#.####.#..........
#@#......####.#..#
#{#......##...#..#
#.#....>.........#
#................#
####..............#
#.g..........###..#
#.###...########..#
##.####.>..........#
#.g...#.#########..#


There were no monsters in sight!

Vanquished Creatures
  A gnoll (D:2)
  2 adders (D:2)
  A shadow imp (D:2)
  3 oozes (D:1)
  A worm (D:2)
  A ball python (D:2)
  4 bats (D:1)
  A giant cockroach (D:1)
  4 goblins
  4 hobgoblins
  3 jackals (D:1)
  2 frilled lizards
  3 kobolds (D:1)
  5 rats
35 creatures vanquished.

Notes
Turn   | Place    | Note
-------+----------+-------------------------------------------
     0 | D:1      | Gaball the Gnoll Transmuter began the quest for the Orb.
     0 | D:1      | Reached XP level 1. HP: 17/17 MP: 6/6
    44 | D:1      | Reached XP level 2. HP: 21/23 MP: 7/7
   145 | D:1      | Reached XP level 3. HP: 26/28 MP: 9/9
   204 | D:1      | Reached skill level 5 in Spellcasting
   779 | D:2      | Reached skill level 1 in Invocations
   822 | D:2      | Found a stormy altar of Qazlal.
   823 | D:2      | Found an ornate altar of the Wu Jian Council.
   833 | D:2      | Became a worshipper of the Wu Jian Council
   852 | D:2      | Reached skill level 1 in Short Blades
   852 | D:2      | Reached skill level 1 in Long Blades
   852 | D:2      | Reached skill level 1 in Axes
   852 | D:2      | Reached skill level 1 in Maces & Flails
   852 | D:2      | Reached skill level 1 in Polearms
   852 | D:2      | Reached skill level 1 in Staves
   852 | D:2      | Reached skill level 1 in Slings
   852 | D:2      | Reached skill level 1 in Bows
   852 | D:2      | Reached skill level 1 in Crossbows
   852 | D:2      | Reached skill level 1 in Throwing
   852 | D:2      | Reached skill level 1 in Armour
   852 | D:2      | Reached skill level 1 in Stealth
   852 | D:2      | Reached skill level 1 in Shields
   852 | D:2      | Reached skill level 1 in Evocations
   956 | D:2      | Reached XP level 4. HP: 26/34 MP: 11/11
  1285 | D:2      | Noticed Sigmund
  1310 | D:2      | Killed from afar by Sigmund

Vault maps used:
D:1:      dpeg_arrival_fog, minmay_tall_x
D:2:      amethyst_overflow_temple_binary, gammafunk_temple_overflow_statue,
          uniq_sigmund, uniq_crazy_yiuf_cottage

Skill      XL: |  1  2  3 |
---------------+----------+-----
Spellcasting   | 5 |  5.1
Invocations    | 1 |  1.2
Short Blades   | 1 |  1.1
Long Blades    | 1 |  1.1
Axes           | 1 |  1.1
Maces & Flails | 1 |  1.1
Polearms       | 1 |  1.1
Staves         | 1 |  1.1
Slings         | 1 |  1.1
Bows           | 1 |  1.1
Crossbows      | 1 |  1.1
Throwing       | 1 |  1.1
Armour         | 1 |  1.1
Stealth        | 1 |  1.1
Shields        | 1 |  1.1
Evocations     | 1 |  1.1
Fighting       | |  2.7
Dodging        | |  4.6
Unarmed Combat | |  6.6
Conjurations   | |  0.9
Hexes          | |  0.9
Charms         | |  0.9
Summonings     | |  0.9
Necromancy     | |  0.9
Translocations | |  0.9
Transmutations | |  3.8
Fire Magic     | |  0.9
Ice Magic      | |  0.9
Air Magic      | |  0.9
Earth Magic    | |  0.9
Poison Magic   | |  0.9

Action                   |  1- 3 |  4- 6 || total
-------------------------+-------+-------++-------
Melee: Unarmed           |    70 |    20 ||    90
       Headbutt          |     3 |       ||     3
       Bite              |     8 |     2 ||    10
       Kick              |     3 |     8 ||    11
       Punch             |     1 |       ||     1
 Cast: Beastly Appendage |     4 |     3 ||     7
Invok: Lunge             |     2 |       ||     2
 Stab: Sleeping          |     4 |       ||     4
  Eat: Chunk             |       |     1 ||     1
Armor: Robe              |    11 |       ||    11
Dodge: Dodged            |    48 |     9 ||    57

Table legend:
 A = Spawn XP
 B = Non-spawn XP
 C = Spawn XP percentage of total XP
 D = Spawn monster count
 E = Non-spawn monster count
 F = Spawn count percentage of total count
 G = Total turns spent on level
                    A         B        C        D         E        F      G
               +---------+---------+-------+---------+---------+-------+---------
         Total |       0 |     124 |   0.0 |       0 |      35 |   0.0 |  1310
               +---------+---------+-------+---------+---------+-------+---------
           D:1 |       0 |      56 |   0.0 |       0 |      23 |   0.0 |   765
           D:2 |       0 |      68 |   0.0 |       0 |      12 |   0.0 |   545
               +---------+---------+-------+---------+---------+-------+---------
